 Dungeon Crawl Stone Soup version 0.17.1-1-g73c8601 (webtiles) character file.

6745 Implojin the Grappler (level 10, -7/102 HPs)
             Began as a Troll Fighter on Apr 9, 2016.
             Was a Priest of Okawaru.
             Mangled by a sixfirhy (8 damage)
             ... summoned by Frances
             ... on level 12 of the Dungeon.
             The game lasted 00:16:57 (2879 turns).

Implojin the Grappler (Troll Fighter)               Turns: 2879, Time: 00:16:58

Health: -7/102     AC:  5    Str: 26    XL:     10   Next: 75%
Magic:  7/9        EV: 12    Int:  9    God:    Okawaru [***...]
Gold:   262        SH: 11    Dex: 12    Spells: 0 memorised, 9 levels left

rFire  . . .     SeeInvis .       - Unarmed
rCold  . . .     Clarity  .     a - +0 robe
rNeg   . . .     SustAt   .     b - +0 shield
rPois  .         Gourm    +     (helmet restricted)
rElec  .         Spirit   .     (no cloak)
rCorr  .         Warding  .     (gloves unavailable)
rMut   .         Stasis   .     (boots unavailable)
MR     .....                    (no amulet)
Stlth  ++........               (no ring)
                                (no ring)

@: brilliant, heroism, not resistant to hostile enchantments, unstealthy
A: unfitting armour, claws 3, fast metabolism 3, gourmand, regeneration 2,
shaggy fur 1, tough skin 2
a: Heroism, Renounce Religion


You were on level 12 of the Dungeon.
You worshipped Okawaru.
Okawaru was most pleased with you.
You were very full.

You visited 2 branches of the dungeon, and saw 13 of its levels.

You collected 262 gold pieces.

Inventory:

Hand Weapons
 m - a +0 flail of distortion
Armour
 a - a +0 robe (worn)
 b - a +0 shield (worn)
Wands
 p - a wand of confusion (8)
 q - a wand of magic darts (19)
 t - a wand of lightning (1)
Scrolls
 e - a scroll of amnesia {unknown}
 i - 5 scrolls of remove curse
 k - a scroll of random uselessness {unknown}
 o - 5 scrolls of identify
 s - a scroll of immolation {unknown}
 u - a scroll of enchant armour {unknown}
 v - a scroll of recharging {unknown}
 x - a scroll of noise {unknown}
Potions
 f - a potion of degeneration
 j - a potion of ambrosia {unknown}
 l - a potion of brilliance
 n - 2 potions of poison {unknown}
 r - a potion of flight {unknown}
Books
 c - a book of the Warp

   Spells                             Type                      Level
   a - Recall                         Summoning/Translocation      3
   b - Gell's Gravitas                Hexes/Translocation          3
   c - Force Lance                    Conjuration/Translocation    4
   d - Phase Shift                    Translocation                5
   e - Warp Weapon                    Charms/Translocation         5
   f - Summon Forest                  Summoning/Translocation      5
Comestibles
 d - 5 bread rations
 g - a beef jerky
 h - 2 meat rations
 w - 4 fruits
 z - 3 chunks of flesh


   Skills:
 * Level 7.1(12.1) Fighting
 - Level 2.4(7.4) Dodging
 - Level 2.4(7.4) Shields
 - Level 14.0(19.0) Unarmed Combat


You had 9 spell levels left.
You didn't know any spells.

Dungeon Overview and Level Annotations

Branches:
Dungeon (12/15)            Temple (1/1) D:7            Lair (0/8) D:11
    Orc: D:9-12

Altars:
Ashenzari
Cheibriados
Fedhas
Gozag
Kikubaaqudgha
Nemelex Xobeh
Okawaru
Qazlal
Sif Muna
Trog
Vehumet
Yredelemnul

Shops:
D:5 }   D:9 !

Annotations:
D:12 Frances


Innate Abilities, Weirdness & Mutations

You are too large for most types of armour.
You have claws for hands.
Your metabolism is lightning-fast.
You like to eat raw meat.
You heal very quickly.
You are covered in fur (AC +1).
You have very tough skin (AC +2).


Message History

You scratch the orc but do no damage. You mangle the orc!!
You kill the orc!
There is a stone staircase leading up, spattered with blood here.
Things that are here:
a giant club x2
There is a stone staircase leading up here.
Things that are here:
a hand axe; a ring mail; an orc corpse You butcher the orc corpse.
Items here: % ) [ รท a hand axe; a ring mail; a chunk of flesh; an orc skeleton Unknown command.
Frances, Duchess of Pandemonium comes into view.
She is wielding a dire flail of protection.
Frances shouts!
Frances chants phrases taken from a devil's mouth.
You gain the combat prowess of a mighty hero.
You feel slightly less full. The sixfirhy hits you!
* * * LOW HITPOINT WARNING * * *
The sixfirhy shocks you!
* * * LOW HITPOINT WARNING * * *
You mangle the sixfirhy!!
The sixfirhy is severely wounded.
The sixfirhy barely misses you. The sixfirhy hits you!
* * * LOW HITPOINT WARNING * * *
The sixfirhy shocks you!
* * * LOW HITPOINT WARNING * * *
The sixfirhy hits you.
* * * LOW HITPOINT WARNING * * *
The sixfirhy shocks you!
* * * LOW HITPOINT WARNING * * *
Drink which item? (? for menu, Esc to quit)
It was a potion of brilliance.
You feel clever all of a sudden.
The sixfirhy hits you but does no damage.
The sixfirhy hits you.
* * * LOW HITPOINT WARNING * * *
The sixfirhy shocks you!
You die...

#.# #.#######
#........ #<# #<#
#)# #.######.#
#........#########.
#.######..4@.......
#.#########. #.#
#.# #.# #.# #.. 3@#
#.#


You could see a sixfirhy.

Vanquished Creatures
  A hill giant (D:11)
  An ugly thing (D:11)
  2 trolls (D:11)
  3 two-headed ogres
  Prince Ribbit (D:5)
  6 yaks (D:11)
  Eustachio (D:5)
  A hippogriff (D:10)
  2 wargs (D:11)
  A water moccasin (D:11)
  3 orc warriors
  4 phantoms
  A sky beast (D:6)
  2 ogres
  An ice beast (D:7)
  2 centaurs
  A big kobold (D:11)
  4 giant frogs
  2 scorpions
  A wight (D:8)
  A killer bee (D:5)
  4 giant frog zombies
  4 hounds
  A crimson imp (D:5)
  4 orc priests
  A giant frog skeleton (D:6)
  2 centaur skeletons
  9 orc wizards
  6 worker ants
  4 iguanas
  Robin (D:2)
  7 adders
  7 gnolls
  2 shadow imps (D:6)
  A worm (D:2)
  3 giant geckos
  26 orcs
  5 giant cockroaches
  6 hobgoblins
  6 kobolds (D:11)
  3 quokkas
  6 bats
  A giant cockroach zombie (D:5)
  5 giant newts
  11 goblins
  A jackal zombie (D:5)
  A rat (D:3)
168 creatures vanquished.

Notes
Turn   | Place    | Note
--------------------------------------------------------------
     0 | D:1      | Implojin the Troll Fighter began the quest for the Orb.
     0 | D:1      | Reached XP level 1. HP: 22/22 MP: 0/0
     7 | D:1      | Noticed a black bear
     7 | D:1      | Noticed a worker ant
     7 | D:1      | Noticed a hound
     7 | D:1      | Noticed a fire drake
     7 | D:1      | Noticed a crocodile
   112 | D:1      | Reached XP level 2. HP: 27/29 MP: 1/1
   176 | D:2      | Reached skill level 3 in Unarmed Combat
   180 | D:2      | Noticed Robin
   219 | D:2      | Killed Robin
   219 | D:2      | Reached XP level 3. HP: 27/36 MP: 2/2
   277 | D:3      | Noticed a giant frog
   288 | D:3      | Killed a giant frog
   288 | D:3      | Reached skill level 4 in Unarmed Combat
   288 | D:3      | Reached XP level 4. HP: 44/44 MP: 3/3
   324 | D:4      | Reached skill level 5 in Unarmed Combat
   341 | D:4      | Noticed a phantom
   405 | D:4      | Reached XP level 5. HP: 27/50 MP: 4/4
   414 | D:4      | Killed a phantom
   414 | D:4      | Reached skill level 6 in Unarmed Combat
   435 | D:4      | Reached XP level 6. HP: 40/59 MP: 5/5
   473 | D:5      | Entered Level 5 of the Dungeon
   588 | D:5      | Found Beapp's Gadget Emporium.
   615 | D:5      | Reached skill level 7 in Unarmed Combat
   621 | D:5      | Noticed Eustachio
   681 | D:5      | Killed Eustachio
   681 | D:5      | Reached XP level 7. HP: 38/66 MP: 6/6
   699 | D:5      | Noticed Prince Ribbit
   718 | D:5      | Killed Prince Ribbit
   718 | D:5      | Reached skill level 8 in Unarmed Combat
   807 | D:6      | Reached skill level 9 in Unarmed Combat
   908 | D:6      | Reached XP level 8. HP: 38/74 MP: 7/7
  1055 | D:6      | Reached skill level 10 in Unarmed Combat
  1314 | D:6      | Reached skill level 11 in Unarmed Combat
  1340 | D:6      | Found a stormy altar of Qazlal.
  1341 | D:6      | Noticed a water elemental
  1341 | D:6      | Noticed an air elemental
  1341 | D:6      | Noticed a fire elemental
  1572 | D:6      | Reached XP level 9. HP: 73/80 MP: 8/8
  1671 | D:4      | Found a shattered altar of Ashenzari.
  1805 | D:4      | Noticed a phantom
  1831 | D:4      | Killed a phantom
  1831 | D:4      | Reached skill level 12 in Unarmed Combat
  2174 | D:7      | Found a staircase to the Ecumenical Temple.
  2217 | Temple   | Entered the Ecumenical Temple
  2236 | Temple   | Became a worshipper of Warmaster Okawaru
  2354 | D:8      | Found a basalt altar of Yredelemnul.
  2416 | D:9      | Reached skill level 13 in Unarmed Combat
  2422 | D:9      | Found Puwkat's Distillery.
  2506 | D:10     | Entered Level 10 of the Dungeon
  2537 | D:10     | Reached * piety under Okawaru
  2554 | D:11     | Noticed a red ugly thing
  2562 | D:11     | Killed a red ugly thing
  2640 | D:11     | Noticed a hill giant
  2648 | D:11     | Reached skill level 14 in Unarmed Combat
  2648 | D:11     | Reached XP level 10. HP: 41/88 MP: 6/9
  2653 | D:11     | Killed a hill giant
  2653 | D:11     | Reached ** piety under Okawaru
  2653 | D:11     | Reached skill level 3 in Fighting
  2686 | D:11     | Noticed a centaur skeleton
  2699 | D:11     | Killed a centaur skeleton
  2699 | D:11     | Reached skill level 4 in Fighting
  2735 | D:11     | Found a staircase to the Lair.
  2740 | D:11     | Reached skill level 5 in Fighting
  2778 | D:11     | Reached *** piety under Okawaru
  2778 | D:11     | Reached skill level 6 in Fighting
  2841 | D:11     | Noticed a hill giant
  2860 | D:12     | Reached skill level 7 in Fighting
  2873 | D:12     | Noticed Frances
  2874 | D:12     | Noticed a sixfirhy
  2878 | D:12     | HP: 3/102 [sixfirhy[Frances] (9)]
  2879 | D:12     | HP: 1/102 [sixfirhy[Frances] (3)]
  2879 | D:12     | Mangled by a sixfirhy

Action                   |  1- 3 |  4- 6 |  7- 9 | 10-12 || total
-------------------------+-------+-------+-------+-------++-------
Melee: Unarmed           |    91 |   119 |   289 |    66 ||   565
Invok: Heroism           |       |       |     2 |     3 ||     5
Evoke: Wand              |       |       |       |     1 ||     1
  Use: Potion            |       |       |     1 |     1 ||     2
       Scroll            |       |       |     3 |       ||     3
 Stab: Sleeping          |       |       |     1 |       ||     1
  Eat: Chunk             |     4 |       |    22 |     6 ||    32

Table legend:
 A = Turns spent in this place as a percentage of turns spent in the entire game.
 B = Non-inter-level travel turns spent in this place as a percentage of non-inter-level travel turns spent in the entire game.
 C = Inter-level travel turns spent in this place as a percentage of turns spent in this place.
 D = Turns resting spent in this place as a percentage of non-inter-level travel turns spent in this place.
 E = Turns spent auto-exploring this place as a percentage of non-inter-level travel turns spent in this place.
 F = Non-inter-level travel turns spent in this place divided by the number of levels of this place that you've seen.
                   A       B       C       D       E      F
               +-------+-------+-------+-------+-------+----------------------
         Total | 100.0 | 100.0 |   0.0 |   0.0 |   0.0 | 221.7
       Dungeon |  99.0 |  99.0 |   0.0 |   0.0 |   0.0 | 237.8
        Temple |   1.0 |   1.0 |   0.0 |   0.0 |   0.0 |  29.0
               +-------+-------+-------+-------+-------+----------------------

Table legend:
 A = Kills in this place as a percentage of kills in entire the game.
 B = Kills by you in this place as a percentage of kills by you in the entire game.
 C = Kills by friends in this place as a percentage of kills by friends in the entire game.
 D = Other kills in this place as a percentage of other kills in the entire game.
 E = Experience gained in this place as a percentage of experience gained in the entire game.
 F = Experience gained in this place divided by the number of levels of this place that you have seen.
                   A       B       C       D       E      F
               +-------+-------+-------+-------+-------+----------------------
         Total | 100.0 | 100.0 |  -nan |  -nan | 100.0 | 741.2
       Dungeon | 100.0 | 100.0 |  -nan |  -nan | 100.0 | 803.0
               +-------+-------+-------+-------+-------+----------------------
